[Event "Early-Titled-Tuesday-Blitz-March-05-2024"]
[Site "Chess.com"]
[Date "2024.03.05"]
[Round "6"]
[White "Austen48"]
[Black "VinzentSpitzl"]
[Result "1-0"]
[WhiteElo "2305"]
[BlackElo "2524"]
[TimeControl "180+1"]
[EndTime "9:09:06 PST"]
[Termination "Austen48 won on time"]

1. d4 Nf6 2. c4 e6 3. Nc3 d5 4. cxd5 exd5 5. Bg5 Be7 6. e3 h6 7. Bh4 O-O 8. Qc2 Re8 9. Bd3 c6 10. Nge2 Nbd7 11. O-O Ne4 12. Bxe7 Qxe7 13. Bxe4 dxe4 14.
d5 Nf6 15. dxc6 bxc6 16. Rad1 Ba6 17. Qa4 Bb5 18. Nxb5 cxb5 19. Qxb5 Rab8 20. Qa4 Rxb2 21. Nf4 Rc8 22. h3 Rcc2 23. a3 Ra2 24. Nd5 Nxd5 25. Rxd5 Qf6 26. Qe8+ Kh7 27. Qxe4+ g6 28. Rd7 Rxf2 29.
Rxf2 Qxf2+ 30. Kh2 Rxa3 31. Qd5 Kg7 32. Qd6 Qxe3 33.
Rd8 Qf4+ 34. Qxf4 1-0

[Event "Early-Titled-Tuesday-Blitz-March-05-2024"]
[Site "Chess.com"]
[Date "2024.03.05"]
[Round "6"]
[White "Rud_2008"]
[Black "Manukyan_Artak"]
[Result "1-0"]
[WhiteElo "2726"]
[BlackElo "2526"]
[TimeControl "180+1"]
[EndTime "9:09:07 PST"]
[Termination "Rud_2008 won by resignation"]

1. e4 c6 2. Nf3 d5 3. d3 dxe4 4. dxe4 Qxd1+ 5. Kxd1 Bg4 6. Be2 Nd7 7. Ne1 Bxe2+ 8. Kxe2 e5 9. Nd3 f6 10. Be3 b6 11.
Nd2 O-O-O 12. f3 h5 13. a4 Kb7 14. b4 g5 15. h3 Nh6 16. c4 Nf7 17. Ra2 Be7 18. Rha1 Ra8 19. c5 bxc5 20. bxc5 Kc7 21. Nc4 Rhb8 22. Rd1 Rb3 23. Na5 Rbb8 24. Rad2 Nf8 25.
Kf1 h4 26. Bf2 Ne6 27. Nb4 Rd8 28. Na6+ Kc8 29. Nxc6 Rxd2 30. Nxe7+ Kb7 31. Rxd2 Kxa6 32. c6 Rd8 33. Rd5 Nc7 34. Rxd8 Nxd8 35. Nd5 Nde6 36. Nxf6 Ka5 37. Nd7 Kxa4 38. Bxa7 Kb5 39. Nxe5 Ne8 40. Be3 Nd6 41. Ke2 Ka6 42. Kd3 Kb5 43. Kc3 Ka6 44.
Kb4 g4 45. Nd7 1-0

[Event "Early-Titled-Tuesday-Blitz-March-05-2024"]
[Site "Chess.com"]
[Date "2024.03.05"]
[Round "6"]
[White "Casper"]
[Black "baki83"]
[Result "0-1"]
[WhiteElo "2524"]
[BlackElo "2796"]
[TimeControl "180+1"]
[EndTime "9:09:07 PST"]
[Termination "baki83 won on time"]

1. e4 c5 2. d4 cxd4 3. Qxd4 Nc6 4. Qe3 Nf6 5. Nc3 g6 6. Bd2 Bg7 7. O-O-O O-O 8. Nd5 d6 9. Bc3 Be6 10. Nxf6+ exf6 11. a3 Rc8 12. Ne2 Re8 13. Nf4 Bh6 14. Kb1 Qe7 15. Qg3 Ne5 16. f3 Rxc3 17. bxc3 Rc8 18. Nd5 Bxd5 19. Rxd5 Rxc3 20. Qf2 Be3 21. Qe1 Qc7 22. Bb5 Rxa3 23. Qb4 Bc5 24. Qb2 a6 25. Be2 Re3 26. Bd3 b5 27. h4 h5 28. Rd1 Kg7 29. Qa2 Qb6 30. g4 hxg4 31. fxg4 Nxg4 32. h5 Ne5 33.
Rf1 Rg3 34. Qb2 Qa5 35. Qc1 Qb4+ 36. Ka2 Qa4+ 37. Kb1 Bd4 38. Rxd4 Qxd4 39. Qf4 Nxd3 40. cxd3 Qxd3+ 0-1

[Event "Early-Titled-Tuesday-Blitz-March-05-2024"]
[Site "Chess.com"]
[Date "2024.03.05"]
[Round "6"]
[White "Matols"]
[Black "ATM622"]
[Result "0-1"]
[WhiteElo "2393"]
[BlackElo "2532"]
[TimeControl "180+1"]
[EndTime "9:09:07 PST"]
[Termination "ATM622 won by resignation"]

1. d4 Nf6 2. c4 e6 3. g3 d5 4. Nf3 dxc4 5. Bg2 Bd7 6. Ne5 Bc6 7. Nxc6 Nxc6 8. O-O Qd7 9. e3 O-O-O 10. Qa4 Nd5 11. Nd2 c3 12. bxc3 Nxc3 13. Qb3 Bb4 14. Nc4 h5 15. a3 Ne2+ 16. Kh1 h4 17. axb4 hxg3 18. fxg3 e5 19. Bf3 Rxh2+ 20. Kxh2 Rh8+ 21. Kg2 Qh3+ 22. Kf2 Nxg3 23. Nxe5 Qxf1+ 24. Kxg3 Rh3+ 25. Kf4 Nxe5 26. Kxe5 Qxf3 27. d5 Qf6+ 28. Ke4 Rh4+ 29. Kd3 Qxa1 30. Bb2 Qf1+ 31. Kc2 Qe2+ 32. Kb1 Rh1+ 33.
Ka2 Qa6+ 34. Ba3 Rh2+ 35. Kb1 Qg6+ 0-1

[Event "Early-Titled-Tuesday-Blitz-March-05-2024"]
[Site "Chess.com"]
[Date "2024.03.05"]
[Round "6"]
[White "lluiss"]
[Black "annamaja"]
[Result "0-1"]
[WhiteElo "2171"]
[BlackElo "2452"]
[TimeControl "180+1"]
[EndTime "9:09:07 PST"]
[Termination "annamaja won on time"]

1. Nf3 Nf6 2. d4 d5 3. c4 c6 4. cxd5 cxd5 5. Nc3 Nc6 6. Bf4 e6 7. e3 Bd6 8. Bxd6 Qxd6 9. Be2 O-O 10. O-O a6 11. Na4 e5 12. dxe5 Nxe5 13. Nxe5 Qxe5 14. Nb6 Rb8 15. Qd4 Qd6 16. Bf3 Be6 17. e4 Qf4 18. Rfe1 Rbd8 19. Rad1 dxe4 20. Qxd8 exf3 21. Qd3 fxg2 22.
Qd4 Qh6 23. Qe3 Qh4 24. Rd4 Qh5 25. Qg3 Qc5 26. Rf4 Nh5 27. Qe3 Qa5 28. Ra4 Qb5 29.
Re4 Nf6 30. Rxe6 fxe6 31. Qxe6+ Kh8 32. Kxg2 h6 33. Kg1 Qxb2 0-1

[Event "Early-Titled-Tuesday-Blitz-March-05-2024"]
[Site "Chess.com"]
[Date "2024.03.05"]
[Round "6"]
[White "levallem"]
[Black "RogelioOscarSanchezB"]
[Result "1-0"]
[WhiteElo "2319"]
[BlackElo "2014"]
[TimeControl "180+1"]
[EndTime "9:09:08 PST"]
[Termination "levallem won on time"]

1. d4 f5 2. g4 d5 3. gxf5 Bxf5 4. c3 Nf6 5. Bf4 g6 6. e3 Bg7 7. Bd3 O-O 8. Bxf5 gxf5 9. Nf3 Nbd7 10. Nbd2 Kh8 11.
Ng5 Qe8 12. Ne6 Qg6 13. Nxf8 Rxf8 14. Qe2 Ne4 15. O-O-O Qc6 16. f3 Nxc3 17. bxc3 Qxc3+ 18. Kb1 e5 19. dxe5 Nxe5 20. Bxe5 Bxe5 21. Nb3 Rf6 22. Rxd5 Rb6 23. Rd8+ Kg7 24. Rg1+ Kf6 25. Rd4 c5 26. f4 Bxd4 27. exd4 Qxd4 28. Re1 Qxf4 29. Qe7+ Kg6 30. Rg1+ Kh5 31. Qxh7+ Rh6 32. Qf7+ Kh4 33. Qe7+ Kh3 34. Qxc5 Qe4+ 35. Kb2 Rc6 36. Qf2 Qe5+ 37. Nd4 Rb6+ 38.
Ka1 1-0

[Event "Early-Titled-Tuesday-Blitz-March-05-2024"]
[Site "Chess.com"]
[Date "2024.03.05"]
[Round "6"]
[White "BilicVladimir"]
[Black "Chessbard1972"]
[Result "0-1"]
[WhiteElo "2614"]
[BlackElo "2475"]
[TimeControl "180+1"]
[EndTime "9:09:09 PST"]
[Termination "Chessbard1972 won by resignation"]

1. e4 e5 2. Nf3 Nc6 3. Bb5 f5 4. Nc3 Nf6 5. d4 Nxe4 6. Nxe4 fxe4 7. Bxc6 exf3 8. Bxf3 Qf6 9. O-O exd4 10. Re1+ Be7 11. Qe2 c6 12. Bf4 d6 13. Rad1 O-O 14. Bg3 Bd8 15.
Qc4+ d5 16. Qxd4 Qxd4 17. Rxd4 Bf6 18. Rb4 a5 19. Rb3 a4 20. Rb4 a3 21. c4 axb2 22. Rb6 dxc4 23. h4 c3 24. Be4 Rxa2 25. Bc2 Ra1 26. Kf1 Re8 27. Rb1 Rxb1+ 28. Bxb1 Rd8 29. Ke2 Be6 30. Bf4 Bc4+ 31. Ke1 Bd3 32. Ba2+ Kf8 33.
Rxb7 Be7 34. Be5 Ra8 35. Bxc3 Rxa2 36. Bxb2 c5 37. Bxg7+ Kxg7 38. Rxe7+ Kg6 39. Rc7 c4 40. g4 Re2+ 41. Kd1 Rxf2 42. Rc6+ Kg7 43. g5 Rh2 44. Rh6 c3 45. Ke1 c2 46. Rc6 Rh1+ 47. Kd2 Rd1+ 48. Ke3 c1=Q+ 49. Rxc1 Rxc1 50. Kxd3 Rh1 0-1

[Event "Early-Titled-Tuesday-Blitz-March-05-2024"]
[Site "Chess.com"]
[Date "2024.03.05"]
[Round "6"]
[White "littlepinkyboy"]
[Black "Masterbeaterr"]
[Result "1-0"]
[WhiteElo "2662"]
[BlackElo "2437"]
[TimeControl "180+1"]
[EndTime "9:09:09 PST"]
[Termination "littlepinkyboy won by resignation"]

1. e4 e5 2. Nf3 Nc6 3. Bb5 a6 4. Ba4 Nf6 5. O-O Nxe4 6. d4 b5 7. Bb3 d5 8. dxe5 Be6 9. Nbd2 Bc5 10. Qe2 Nxd2 11. Bxd2 O-O 12. h3 d4 13. Bxe6 fxe6 14. Ng5 Qd5 15. Rae1 h6 16. Ne4 Bb6 17. Qg4 Nxe5 18.
Qg3 Nc4 19. Bxh6 Qe5 20. Nf6+ Qxf6 21. Rxe6 Qf7 22. Rg6 Qxg6 23. Qxg6 Rf7 24. Bc1 Raf8 25. b3 Ne3 26. Ba3 c5 27. Qxb6 b4 28. Bxb4 cxb4 29. Qxd4 Nxf1 30. Kxf1 a5 31. f3 Rf5 32. Qc4+ Kh8 33. Kg1 Rf4 34. Qc5 R8f5 35. Qc8+ Rf8 36. Qc7 R4f5 37. Kh2 Re8 38. c4 bxc3 39. Qxc3 Rfe5 40.
Qd2 Re2 41. Qc3 Rxa2 42. Qc5 Ree2 43. Qh5+ Kg8 44. Qd5+ Kh8 45. Qh5+ Kg8 46. Qd5+ Kh8 47. Qd8+ Kh7 48. Qh4+ Kg8 49. Qg4 Rab2 50. h4 Rxb3 51. Qc4+ 1-0

[Event "Early-Titled-Tuesday-Blitz-March-05-2024"]
[Site "Chess.com"]
[Date "2024.03.05"]
[Round "6"]
[White "Veganator13"]
[Black "ReinisUz"]
[Result "1-0"]
[WhiteElo "2328"]
[BlackElo "2405"]
[TimeControl "180+1"]
[EndTime "9:09:09 PST"]
[Termination "Veganator13 won by resignation"]

1. c4 c5 2. g3 Nc6 3. Bg2 g6 4. Nc3 Bg7 5. d3 e5 6. Nf3 Nge7 7. Nd2 O-O 8. Nf1 d6 9. Ne3 f5 10. Ned5 h6 11. Rb1 Kh7 12. a3 a5 13.
Bd2 Be6 14. b4 axb4 15. axb4 Bxd5 16. Nxd5 Nxd5 17. Bxd5 cxb4 18. Bxb4 Ra2 19. O-O f4 20. Bc3 Qd7 21. Bf3 Ra3 22. Bb2 Ra2 23. Qb3 Rxb2 24.
Qxb2 e4 25. Qxb7 Qxb7 26. Rxb7 exf3 27. exf3 Ne5 28. Kg2 Nxd3 29. Rd1 Nc5 30. Rc7 Kh8 31. Rd5 Rd8 32. Rcxc5 Be5 33. Rc6 Re8 34. c5 dxc5 35.
Rcxc5 Bf6 36. Rc6 Kg7 37. Rd7+ Be7 38. h4 fxg3 39. fxg3 Kf7 40. h5 gxh5 41. Rxh6 h4 42. Rh7+ Ke6 43. Rhxe7+ Rxe7 44. Rxe7+ Kxe7 45. gxh4 Kf6 46.
Kg3 Kf5 1-0

[Event "Early-Titled-Tuesday-Blitz-March-05-2024"]
[Site "Chess.com"]
[Date "2024.03.05"]
[Round "6"]
[White "bascheyaro"]
[Black "GM4life"]
[Result "0-1"]
[WhiteElo "2772"]
[BlackElo "2511"]
[TimeControl "180+1"]
[EndTime "9:09:13 PST"]
[Termination "GM4life won by resignation"]

1. d4 Nf6 2. Nf3 g6 3. Bf4 Bg7 4. e3 O-O 5. h3 d6 6. Be2 Nbd7 7. O-O c5 8. c3 b6 9. Nbd2 Bb7 10. a4 a6 11. Qb3 Qc7 12. Rfd1 Rab8 13. Qa2 Bd5 14. Bc4 Bxc4 15. Qxc4 b5 16. Qe2 Qc6 17. axb5 axb5 18. Ra7 Ra8 19. Rda1 Rxa7 20. Rxa7 Qb6 21.
Ra2 h6 22. Qd3 Rc8 23. Bg3 Qc6 24. Ra5 c4 25. Qb1 Ra8 26. Qa2 Nb6 27. Ne1 Rxa5 28.
Qxa5 Na4 29. Nc2 Nxb2 30. Na3 Nd5 31. Nxb5 Nd1 32. e4 Nf6 33. f3 Nh5 34. Bh2 e5 35.
Na7 Qb7 36. dxe5 dxe5 37. g4 Nf4 38. Bxf4 exf4 39. Nxc4 Qb1 40. Nd2 Qc1 41. Qd5 Ne3+ 42. Kf2 Nxd5 0-1

[Event "Early-Titled-Tuesday-Blitz-March-05-2024"]
[Site "Chess.com"]
[Date "2024.03.05"]
[Round "6"]
[White "xakevicius91"]
[Black "Miguelito"]
[Result "1/2-1/2"]
[WhiteElo "2572"]
[BlackElo "2818"]
[TimeControl "180+1"]
[EndTime "9:09:13 PST"]
[Termination "Game drawn by repetition"]

1. e4 c5 2. Nf3 e6 3. b3 b6 4. d4 cxd4 5. Nxd4 Bb7 6. Bd3 a6 7. Bb2 d6 8. Qe2 Nd7 9. Nd2 Ngf6 10. O-O-O Nc5 11. Kb1 Be7 12. g4 d5 13. e5 Nfd7 14. f4 Nxd3 15. cxd3 Nc5 16. f5 a5 17. N2f3 Ba6 18. Nc6 Qd7 19. Nxe7 Qxe7 20. Ba3 Rc8 21.
Qe3 Qd7 22. Nd4 Kd8 23. Rhf1 Kc7 24. Bxc5 bxc5 25. Nf3 d4 26. Qg5 a4 27. Qxg7 axb3 28. axb3 Rb8 29. Nd2 Bxd3+ 30. Kb2 c4 31. fxe6 c3+ 32.
Kc1 Ra8 33. Nb1 Bxb1 34. exd7 Be4 35. d8=Q+ Rhxd8 36.
Rxf7+ Kb8 37. Rd3 Ra1+ 38. Kc2 Ra2+ 39. Kc1 Ra1+ 40. Kc2 Ra2+ 41. Kc1 Ra1+ 1/2-1/2

[Event "Early-Titled-Tuesday-Blitz-March-05-2024"]
[Site "Chess.com"]
[Date "2024.03.05"]
[Round "6"]
[White "TheCavemanChess"]
[Black "Antipov_Mikhail_Al"]
[Result "0-1"]
[WhiteElo "2712"]
[BlackElo "2936"]
[TimeControl "180+1"]
[EndTime "9:09:14 PST"]
[Termination "Antipov_Mikhail_Al won by checkmate"]

1. e4 c5 2. Nf3 e6 3. d4 cxd4 4. Nxd4 a6 5. c4 Nf6 6. Nc3 Qc7 7. f4 d6 8. Be2 Nbd7 9. Be3 b6 10. Bf3 Bb7 11.
Rc1 Be7 12. O-O O-O 13. Qe2 Rfe8 14. g4 e5 15. Nf5 exf4 16. Bxf4 Ne5 17. Nd5 Bxd5 18.
cxd5 Qd8 19. g5 Nfd7 20. h4 Bf8 21. Bg2 Nc5 22. Rc3 a5 23. h5 Ra7 24. Rg3 a4 25. Nd4 Rc7 26. Bxe5 dxe5 27. Nc6 Qd6 28. h6 Rxc6 29.
dxc6 Ne6 30. Qc4 Nf4 31. Kh1 Rc8 32. Rc3 Qg6 33. hxg7 Bc5 34. Rxf4 exf4 35. e5 Qxg5 36. Qe4 Rxc6 37. Rh3 Rh6 38. Qf3 Kxg7 39. e6 fxe6 40. Qb7+ Kf6 41. Qf3 Rxh3+ 42. Bxh3 Qg1# 0-1

[Event "Early-Titled-Tuesday-Blitz-March-05-2024"]
[Site "Chess.com"]
[Date "2024.03.05"]
[Round "6"]
[White "David_George21"]
[Black "Shushik"]
[Result "0-1"]
[WhiteElo "2427"]
[BlackElo "2552"]
[TimeControl "180+1"]
[EndTime "9:09:14 PST"]
[Termination "Shushik won by checkmate"]

1. e4 c5 2. Nf3 d6 3. d4 cxd4 4.
Nxd4 Nf6 5. Nc3 a6 6. Bg5 Nbd7 7.
Bc4 Qb6 8. Bb3 e6 9. Bxf6 Nxf6 10. Qd2 Be7 11. O-O-O Bd7 12. f4 O-O-O 13. f5 e5 14. Nf3 Bc6 15. Nd5 Bxd5 16. Bxd5 Nxd5 17. Qxd5 Rhf8 18.
Rd3 Kb8 19. Rb3 Qc7 20. a4 Rc8 21. c3 Qc6 22. Qxc6 Rxc6 23. Rd1 Rc4 24. Nd2 Rxa4 25.
Kc2 Rc8 26. Kd3 Rc5 27. c4 b5 28. Rc1 Ka7 29. Rc2 Bg5 30. Rbc3 Bxd2 31. Kxd2 bxc4 32. Ke3 Rb4 33. Rd2 Rc6 34. g4 Kb6 35. h4 a5 36. g5 a4 37. h5 Rb3 38. Rc2 Rxc3+ 39.
Rxc3 Kb5 40. Kd2 Kc5 41. Ke3 Rb6 42. Rc2 Rb3+ 43. Kd2 Kd4 44. g6 hxg6 45. f6 gxf6 46. h6 Rh3 47. Rc3 Rxh6 48. Rg3 Rh2+ 49. Kc1 Kxe4 50. Kd1 f5 51. Rc3 d5 52. Ra3 Rxb2 53. Rxa4 Kd3 54. Ra3+ c3 55. Ra4 Rb1# 0-1

[Event "Early-Titled-Tuesday-Blitz-March-05-2024"]
[Site "Chess.com"]
[Date "2024.03.05"]
[Round "6"]
[White "carlocapau"]
[Black "laziestwin"]
[Result "1-0"]
[WhiteElo "2444"]
[BlackElo "2566"]
[TimeControl "180+1"]
[EndTime "9:09:14 PST"]
[Termination "carlocapau won by checkmate"]

1. d4 d6 2. Nf3 g6 3. e4 Bg7 4.
Bc4 Nf6 5. Nc3 O-O 6. O-O Nxe4 7. Nxe4 d5 8. Bd3 dxe4 9. Bxe4 Nd7 10. c3 Nf6 11. Bc2 Qd6 12. Re1 b6 13. a4 Bb7 14.
a5 Ng4 15. h3 Nf6 16. Qe2 Rfe8 17. Bg5 h6 18. Bh4 Nh5 19. Qe3 g5 20. Nxg5 hxg5 21. Qxg5 Qd5 22. Re5 f6 23. Rxd5 fxg5 24. Rxg5 Nf4 25.
Re1 e6 26. Rg4 Rf8 27. Bg5 Nd5 28. Bh6 Rf7 29. Rxe6 Nf6 30. Rxf6 Rxf6 31. Bxg7 Rf7 32. Bh6+ Kh8 33. Rh4 Kg8 34. Rg4+ Kh8 35. Bf4 Raf8 36. Be5+ Rf6 37. Bxf6+ Rxf6 38. h4 Re6 39. Bd3 Re1+ 40.
Kh2 bxa5 41. h5 a4 42. h6 Rd1 43. Bf5 Rd2 44. Kg3 Rxb2 45. Rg7 a3 46. Rd7 a2 47. Rd8# 1-0

[Event "Early-Titled-Tuesday-Blitz-March-05-2024"]
[Site "Chess.com"]
[Date "2024.03.05"]
[Round "6"]
[White "Barmen_EV"]
[Black "ClauSanLuis"]
[Result "0-1"]
[WhiteElo "2477"]
[BlackElo "2348"]
[TimeControl "180+1"]
[EndTime "9:09:14 PST"]
[Termination "ClauSanLuis won by resignation"]

1. e4 g6 2. d4 Bg7 3. Nc3 c5 4. dxc5 Qa5 5. Be2 Qxc5 6. h4 h5 7. Nf3 d6 8. O-O Nf6 9. Nb5 Nxe4 10. Be3 Qc6 11. Nfd4 Qd7 12. Bf3 Nf6 13. Qd2 O-O 14. Bh6 Nc6 15. Bxg7 Kxg7 16. Rfe1 a6 17. Nc3 Ne5 18. Be2 b5 19. Rad1 Bb7 20. a3 Rac8 21.
Qg5 Rc5 22. Qg3 Rfc8 23. Nb3 Rxc3 24. bxc3 Qc6 25. Nd4 Qxc3 26. Qxc3 Rxc3 27. a4 bxa4 28. Ra1 Nc6 29. Rxa4 Nxd4 30. Rxd4 Rxc2 31. Bd1 Rb2 32. Rxe7 Bd5 33. f3 a5 34. Re2 Rb1 35. Kh2 a4 36.
Bxa4 Be6 37. Rxd6 Rb4 38. Bc2 Rxh4+ 39. Kg3 Rb4 40. Bd3 h4+ 41. Kf2 Nh5 42. Re4 Rb2+ 43. Re2 Rb4 44. Be4 Ng3 45. Ra6 Nxe2 46. Kxe2 Bc4+ 0-1

[Event "Early-Titled-Tuesday-Blitz-March-05-2024"]
[Site "Chess.com"]
[Date "2024.03.05"]
[Round "6"]
[White "Igor_Lysyj"]
[Black "Juicy_Fork"]
[Result "1-0"]
[WhiteElo "2817"]
[BlackElo "2529"]
[TimeControl "180+1"]
[EndTime "9:09:17 PST"]
[Termination "Igor_Lysyj won by resignation"]

1. d4 Nf6 2. c4 e6 3. Nf3 d5 4.
g3 Bb4+ 5. Bd2 Be7 6. Bg2 O-O 7. O-O b6 8. cxd5 exd5 9. Nc3 Bb7 10. Bf4 a6 11. Qc2 Nbd7 12. Rfd1 Rc8 13. Ne5 c5 14. dxc5 Nxc5 15. Rac1 Ne6 16. Qf5 g6 17. Qb1 Bd6 18. Nxd5 Rxc1 19. Qxc1 Bxd5 20. Bxd5 Nxf4 21. gxf4 Qe7 22.
Bxf7+ Rxf7 23. Nxf7 Kxf7 24. Qc4+ Kg7 25. e3 b5 26. Qc6 Bc5 27. Qxa6 b4 28. Qc6 Ba7 29. Rd6 Bxe3 30. Re6 Bxf2+ 31. Kxf2 Qf7 32. Rxf6 Qxa2 33.
Re6 Qxb2+ 34. Re2 Qd4+ 35. Kg2 b3 36. Qb7+ Kh6 37. Qxb3 Qd6 38. Qh3+ Kg7 39. Qe3 Qd5+ 40. Qe4 Qb5 41. Qe7+ Kh6 42. Qh4+ Kg7 43. Re7+ Kf8 44. Qf6+ 1-0

[Event "Early-Titled-Tuesday-Blitz-March-05-2024"]
[Site "Chess.com"]
[Date "2024.03.05"]
[Round "6"]
[White "LangesNasenhaar"]
[Black "TheAlienParty"]
[Result "1/2-1/2"]
[WhiteElo "2520"]
[BlackElo "2394"]
[TimeControl "180+1"]
[EndTime "9:09:17 PST"]
[Termination "Game drawn by repetition"]

1. d4 Nf6 2. Nc3 d5 3. Bf4 e6 4.
Nb5 Na6 5. Nf3 c6 6. Nc3 Bd6 7. e3 Bxf4 8. exf4 Qb6 9. Na4 Qa5+ 10. c3 b5 11. Nc5 Nxc5 12. dxc5 b4 13. Qd4 bxc3 14. bxc3 O-O 15. Bd3 Nd7 16. O-O Qxc5 17. Qa4 Qxc3 18. Rfd1 Nb6 19. Qb3 Qxb3 20. axb3 c5 21.
Ne5 Bb7 22. Ba6 Bxa6 23. Rxa6 f6 24. Nc6 Rf7 25. g3 Rc7 26. Nxa7 Rcxa7 27. Rxb6 Ra6 28. Rb7 R8a7 29. Rb8+ Kf7 30. Rc1 Rc6 31. Kg2 c4 32. bxc4 dxc4 33. Rc3 Rd7 34. Rb4 Rd4 35. Kf3 f5 36. Ke3 Re4+ 37. Kf3 Kf6 38. h4 g6 39.
Rb7 h6 40. Rb4 g5 41. hxg5+ hxg5 42. fxg5+ Kxg5 43. Rb8 Rd6 44. Rc2 Rd3+ 45. Kg2 c3 46.
Rc8 Re1 47. R2xc3 Rdd1 48. Kf3 e5 49. Rg8+ Kh5 50. Rc7 Rd3+ 51. Kg2 Rd6 52. Rh7+ Rh6 53. Rhg7 Rf6 54. Rh7+ Rh6 55. Rhg7 Rf6 56. Rh7+ Rh6 1/2-1/2

[Event "Early-Titled-Tuesday-Blitz-March-05-2024"]
[Site "Chess.com"]
[Date "2024.03.05"]
[Round "6"]
[White "Doublekk14"]
[Black "bulletteemo"]
[Result "0-1"]
[WhiteElo "2366"]
[BlackElo "2599"]
[TimeControl "180+1"]
[EndTime "9:09:19 PST"]
[Termination "bulletteemo won on time"]

1. c4 e5 2. Nc3 Bb4 3. Qc2 Nf6 4. e4 Nc6 5. Nf3 O-O 6. a3 Bc5 7. h3 a5 8. d3 Nd4 9. Nxd4 Bxd4 10. Bg5 c6 11. Be2 h6 12. Bh4 d6 13. O-O Be6 14. Kh1 g5 15. Bg3 Nd7 16. b4 axb4 17. axb4 Rxa1 18.
Rxa1 Qb6 19. Rf1 Qxb4 20. Nd5 cxd5 21. cxd5 Qc3 22. Qxc3 Bxc3 23. dxe6 fxe6 24. Rc1 Bd4 25. Rc7 Nc5 26. Kg1 b5 27. Rc6 Rb8 28. Rxd6 b4 29. Bd1 b3 30. Rc6 b2 31. Bc2 b1=Q+ 32. Bxb1 Rxb1+ 33. Kh2 Kf7 34. h4 Nxd3 35. hxg5 hxg5 36. Rc2 Rf1 37. f3 g4 38. fxg4 Nc5 39. Ra2 Nxe4 40. Ra7+ Kg6 0-1

[Event "Early-Titled-Tuesday-Blitz-March-05-2024"]
[Site "Chess.com"]
[Date "2024.03.05"]
[Round "6"]
[White "Rawnsdale"]
[Black "C_K_G"]
[Result "1-0"]
[WhiteElo "2488"]
[BlackElo "2161"]
[TimeControl "180+1"]
[EndTime "9:09:19 PST"]
[Termination "Rawnsdale won on time"]

1. e4 c5 2. d4 d6 3. dxc5 Qa5+ 4. Nc3 Qxc5 5. Nf3 a6 6. Be3 Qa5 7. Bc4 e6 8. O-O Nf6 9. Re1 Be7 10. a3 Nbd7 11. Bd4 O-O 12. e5 dxe5 13. Nxe5 Qc7 14. Bd3 h6 15. h3 b5 16. Qf3 Bb7 17. Qg3 Bd6 18. f4 Nh5 19. Qg4 Ndf6 20. Qh4 Rfd8 21. Ng4 Nxg4 22. Qxg4 Bxf4 23. Ne2 Bh2+ 24. Kh1 Qc6 25.
Kxh2 f5 26. Qg6 Rd7 27. Rg1 Qd6+ 28. Kh1 Nf4 29. Nxf4 Qxd4 30. Qxe6+ Kh7 31. Bxf5+ Kh8 32. Ng6+ Kh7 33. Ne5+ Kh8 34. Nf7+ Rxf7 35. Qxf7 Bd5 36. Qg6 Kg8 37. Rad1 1-0

[Event "Early-Titled-Tuesday-Blitz-March-05-2024"]
[Site "Chess.com"]
[Date "2024.03.05"]
[Round "6"]
[White "francyIM"]
[Black "nihalsarin"]
[Result "0-1"]
[WhiteElo "2771"]
[BlackElo "3183"]
[TimeControl "180+1"]
[EndTime "9:09:20 PST"]
[Termination "nihalsarin won by resignation"]

1. d3 b5 2. Nf3 Bb7 3. g3 Bxf3 4.
exf3 Nc6 5. d4 Rb8 6. d5 Ne5 7. Bg2 Nf6 8. O-O e6 9. Qd4 Nc4 10.
dxe6 fxe6 11. b3 c5 12. Qd1 Nb6 13. a4 bxa4 14. bxa4 Be7 15. a5 Nbd5 16. Nd2 O-O 17. Nc4 Rb4 18. Qd3 Rb8 19. c3 Rb3 20. Bd2 Qb8 21.
Rfb1 Qb5 22. Bf1 Rb8 23. Rxb3 Qxb3 24. Na3 c4 25. Nxc4 Bc5 26. Be1 Ne7 27. Nd2 Qd5 28.
Qc2 Nc6 29. Bc4 Qh5 30. Be2 Rf8 31. Kg2 d5 32. Qa4 Ne5 33. Qb5 Ned7 34. f4 Qg6 35. Qd3 Qf7 36. c4 e5 37. cxd5 exf4 38. Nb3 Ne5 39.
Qd1 Nxd5 40. Nxc5 f3+ 41. Bxf3 Nxf3 42. Ra3 Nf4+ 43. gxf4 Qg6+ 44. Kf1 Nxh2+ 45. Ke2 Qh5+ 46. Kd2 Qxc5 47. Qb3+ Kh8 48. Qe3 Nf1+ 0-1

[Event "Early-Titled-Tuesday-Blitz-March-05-2024"]
[Site "Chess.com"]
[Date "2024.03.05"]
[Round "6"]
[White "Chernov_Mikhail"]
[Black "rhungaski"]
[Result "1/2-1/2"]
[WhiteElo "2385"]
[BlackElo "2593"]
[TimeControl "180+1"]
[EndTime "9:09:21 PST"]
[Termination "Game drawn by repetition"]

1. e4 e6 2. d4 d5 3. Nc3 h6 4. Nf3 Nf6 5. Bd3 Bb4 6. e5 Ne4 7. Bd2 Nxd2 8. Qxd2 c5 9. a3 Qa5 10. dxc5 Nd7 11. O-O Bxc3 12. bxc3 Nxc5 13. c4 Qxd2 14.
Nxd2 d4 15. Nb3 Nxb3 16. cxb3 Ke7 17. Rfd1 Rd8 18. Rd2 Bd7 19. Rad1 f6 20. f4 g5 21. g3 gxf4 22. gxf4 Rg8+ 23. Rg2 fxe5 24. fxe5 Bc6 25. Rg3 Rxg3+ 26. hxg3 Rg8 27. Kf2 Rg5 28. Bc2 Rh5 29.
Bg6 Rh2+ 30. Ke1 Rh1+ 31. Kd2 Rh3 32. Rg1 Rh2+ 33. Kd3 Rb2 34. b4 Rb3+ 35. Kxd4 Rxa3 36. b5 Bd7 37. Be4 b6 38. Rh1 Rxg3 39. Rxh6 Rg7 40.
Rh8 Be8 41. Bc6 Rg4+ 42. Kc3 Rg3+ 43. Kb4 Bg6 44. Ra8 Bc2 45. Rxa7+ Kf8 46. Ra3 Rg5 47. Re3 Ke7 48. Kc3 Bf5 49. Kb4 Bc2 50. Re2 Bd3 51. Re3 Bc2 1/2-1/2

[Event "Early-Titled-Tuesday-Blitz-March-05-2024"]
[Site "Chess.com"]
[Date "2024.03.05"]
[Round "6"]
[White "Defenstrator"]
[Black "Pedrada88"]
[Result "1-0"]
[WhiteElo "2457"]
[BlackElo "2555"]
[TimeControl "180+1"]
[EndTime "9:09:23 PST"]
[Termination "Defenstrator won by checkmate"]

1. b4 c6 2. Bb2 a5 3. b5 cxb5 4. e4 b4 5. Bc4 e6 6. Nf3 Nc6 7.
O-O Nge7 8. e5 Ng6 9. d4 d5 10. exd6 Qxd6 11. Nbd2 Be7 12. Ne4 Qf4 13. Re1 O-O 14.
Ne5 Ncxe5 15. dxe5 Rd8 16. Qh5 b5 17. Bd3 Bb7 18.
Re3 Qh4 19. Qf3 Rac8 20. Nf6+ gxf6 21. Qxb7 fxe5 22. Rh3 Qf6 23. Bxg6 hxg6 24. Rf3 Qg5 25. h4 Qxh4 26. Bxe5 Qg5 27. Re1 Rc5 28. Bf4 Qf6 29.
Bc7 Rxc7 30. Qxc7 Qg5 31. Qxa5 Rd5 32. Qa8+ Kg7 33. Rh3 Kf6 34. Qh8+ Kf5 35. Rf3+ Qf4 36. Rxf4+ Kxf4 37. Qh3 g5 38. Qf3# 1-0

[Event "Early-Titled-Tuesday-Blitz-March-05-2024"]
[Site "Chess.com"]
[Date "2024.03.05"]
[Round "6"]
[White "KoningKobe"]
[Black "ZuraTqebuchava"]
[Result "0-1"]
[WhiteElo "2404"]
[BlackElo "2256"]
[TimeControl "180+1"]
[EndTime "9:09:23 PST"]
[Termination "ZuraTqebuchava won by resignation"]

1. d4 g6 2. Nf3 Bg7 3. g3 d6 4. Bg2 Nf6 5. O-O O-O 6. b3 c6 7.
Bb2 Bg4 8. c4 a5 9. a3 Nbd7 10.
h3 Bxf3 11. Bxf3 d5 12. Nc3 e6 13. Qc2 h5 14. Rad1 Qe7 15. e4 dxe4 16. Nxe4 Nxe4 17.
Bxe4 h4 18. Bg2 hxg3 19. fxg3 Qg5 20. Rd3 Rad8 21. Rdf3 b5 22. Kh2 bxc4 23. bxc4 c5 24. dxc5 Bxb2 25. Qxb2 Nxc5 26. Qb5 Qe7 27. Qxa5 Ne4 28.
Qe5 Nd2 29. R1f2 Nxf3+ 30. Rxf3 Rd2 31. c5 Qb7 32. Qc3 Qd5 33. c6 Rc8 34. Qf6 Rf8 35. Rf2 Rxf2 36. Qxf2 Qd6 37. a4 Qc7 38. Qc5 Ra8 39.
Qb5 Ra5 40. Qb4 Ra8 41. h4 Rd8 42. a5 Rb8 43. Qb6 Rxb6 0-1

[Event "Early-Titled-Tuesday-Blitz-March-05-2024"]
[Site "Chess.com"]
[Date "2024.03.05"]
[Round "6"]
[White "sokidze"]
[Black "Josetricks"]
[Result "0-1"]
[WhiteElo "2775"]
[BlackElo "2566"]
[TimeControl "180+1"]
[EndTime "9:09:24 PST"]
[Termination "Josetricks won on time"]

1. d4 g6 2. e4 Bg7 3. Nc3 c6 4. f4 d5 5. e5 f6 6. Nf3 Bg4 7. h3 Bxf3 8. Qxf3 Nh6 9. g4 O-O 10. e6 Qb6 11. Qf2 c5 12. f5 cxd4 13. Ne2 Nc6 14.
Ng3 gxf5 15. gxf5 Ne5 16. Nh5 d3 17. Nxg7 Qb4+ 18. c3 Qe4+ 19. Kd1 Qxh1 20. Bxh6 Kh8 21. Qg2 Qxg2 22. Bxg2 Rad8 23. b3 Rg8 24. Kd2 Rxg7 25. Bxg7+ Kxg7 26. Rg1 Kh6 27. Bh1 b5 28. Ke3 a5 29. a3 a4 30. b4 Rc8 31. Kd2 d4 32.
cxd4 Rc2+ 33. Ke3 Re2+ 34. Kf4 d2 35. Rd1 Nc4 36. Bf3 Re1 37. d5 Kg7 38. Kg3 Rxd1 39. Bxd1 Nb2 40. d6 exd6 0-1